 Dungeon Crawl Stone Soup version 0.28.0-53-g5a82cb258f (webtiles) character file.

Game seed: 15979930814623033429

39 Gabide the Skirmisher (level 3, -1/20 HPs)
             Began as a Vine Stalker Monk on May 25, 2022.
             Slain by a gnoll
             ... wielding a +0 club
              (6 damage)
             ... on level 2 of the Dungeon.
             The game lasted 00:03:14 (886 turns).

Gabide the Skirmisher (Vine Stalker Monk)            Turns: 886, Time: 00:03:14

Health: -1/20      AC:  5    Str: 13    XL:     3   Next: 47%
Magic:  0/4        EV: 11    Int: 10    God:
Gold:   41         SH:  0    Dex: 18    Spells: 2/2 levels left

rFire   . . .      SeeInvis .     - Unarmed
rCold   . . .      Faith    .   (no shield)
rNeg    . . .      Spirit   +   b - +0 ring mail
rPois   .          Reflect  .   (no helmet)
rElec   .          Harm     .   (no cloak)
rCorr   .          Rampage  .   (no gloves)
Will    .....                   (no boots)
Stlth   ++........              (no amulet)
HPRegen 0.06/turn               (no ring)
MPRegen 0.09/turn               (no ring)

@: no status effects
A: fangs 2, magic shield, antimagic bite, no potion heal 2
a: no special abilities


You were on level 2 of the Dungeon.
You visited 1 branch of the dungeon, and saw 2 of its levels.

You collected 41 gold pieces.

Inventory:

Armour
 b - a +0 ring mail (worn)
Scrolls
 g - a scroll of enchant weapon {unknown}
Potions
 d - 2 potions of cancellation
 e - a potion of mutation
 f - a potion of might {unknown}


   Skills:
 + Level 3.5 Fighting
 - Level 3.0 Dodging
 - Level 2.4 Stealth
 - Level 3.0 Unarmed Combat


You had 2 spell levels left.
You didn't know any spells.
Your spell library was empty.

Dungeon Overview and Level Annotations

Branches:
Dungeon (2/15)

Altars:


Innate Abilities, Weirdness & Mutations

You have extremely sharp teeth.
When hurt, damage is shared between your health and your magic reserves.
Your bite disrupts and absorbs the magic of your enemies.
Potions cannot restore your health.


Message History

You hit the gnoll. You bite the gnoll. You drain its power.
You feel invigorated.
The gnoll is heavily wounded.
You hit the gnoll.
The gnoll is moderately wounded.
You hit the gnoll but do no damage. You bite the gnoll. You drain its power.
The gnoll is heavily wounded.
The gnoll hits you with a +0 whip.
You hit the gnoll.
You kill the gnoll!
Training target 3.0 for Dodging reached!
Your Dodging skill increases to level 3!
You have reached level 3!
Your experience leads to an increase in your attributes!
Increase (S)trength, (I)ntelligence, or (D)exterity?
You feel agile. x2
The gnoll hits you with a +0 club.
You hit the gnoll.
The gnoll is severely wounded.
The gnoll hits you with a +0 club.
You hit the gnoll. You bite the gnoll, but do no damage.
The gnoll is almost dead.
You hit the gnoll.
You kill the gnoll!
You hit the gnoll but do no damage. You bite the gnoll. You drain its power.
You feel invigorated.
The gnoll is lightly wounded.
The gnoll hits you with a +0 club!
* * * LOW HITPOINT WARNING * * *
You hit the gnoll but do no damage. Your bite misses the gnoll.
The gnoll is lightly wounded.
The gnoll completely misses you.
You barely miss the gnoll.
The gnoll is lightly wounded.
The gnoll hits you with a +0 club.
* * * LOW HITPOINT WARNING * * *
You barely miss the gnoll. Your bite misses the gnoll.
The gnoll is lightly wounded.
The gnoll hits you with a +0 club!
You die...

### ##.# ..#
#.###.########
#..g@.........
.######.######
.............#
.######.####†### #.#
#.#.g #.# #.#.# # ..#
#.#.#
.###########.#.######
>...................


You could see a gnoll.

Vanquished Creatures
  2 gnolls (D:2)
  A ball python (D:1)
  A bat (D:2)
  An endoplasm (D:1)
  2 giant cockroaches
  4 jackals (D:1)
  3 kobolds (D:1)
  2 frilled lizards
  2 goblins (D:1)
  2 rats
20 creatures vanquished.

Notes
Turn   | Place    | Note
-------+----------+-------------------------------------------
     0 | D:1      | Gabide the Vine Stalker Monk began the quest for the Orb.
     0 | D:1      | Reached XP level 1. HP: 11/11 MP: 2/2
   317 | D:1      | Reached XP level 2. HP: 16/16 MP: 3/3
   879 | D:2      | Reached XP level 3. HP: 15/20 MP: 2/4
   886 | D:2      | Slain by a gnoll

Illustrated notes

Levels and vault maps discovered:
D:1:      erik_arrival_triangle_small, layout_rooms, dk_noncrumbling_4,
          minmay_misc_feat_square
D:2:      layout_basic, basic_altar, basic_ecumenical_altar,
          lemuel_another_geyser, uniq_crazy_yiuf_cottage, uniq_natasha,
          uniq_jessica, uniq_terence

Skill      XL: |  1  2 |
---------------+-------+-----
Fighting       | 3 |  3.5
Dodging        | 3 |  3.0
Stealth        | |  2.4
Unarmed Combat | |  3.0

Action                   || total
-------------------------++-------
Melee: Unarmed           ||    78
       Bite              ||    19
       Punch             ||     1
  Use: Scroll            ||     2
 Stab: Sleeping          ||     4
Armor: Robe              ||     8
       Ring mail         ||    11
Dodge: Dodged            ||    41
